 Dungeon Crawl Stone Soup version 0.18.1-8-gdd0e5ea (webtiles) character file.

3640 Jerry the Basher (level 9, -6/99 HPs)
             Began as a Demonspawn Fighter on May 24, 2016.
             Was a Follower of Ashenzari.
             Mangled by an orc warrior
             ... wielding a +3 short sword
              (12 damage)
             ... on level 8 of the Dungeon.
             The game lasted 00:29:19 (8573 turns).

Jerry the Basher (Demonspawn Fighter)               Turns: 8573, Time: 00:29:20

Health: -6/99      AC: 11    Str: 24    XL:     9   Next: 87%
Magic:  3/3        EV:  7    Int:  9    God:    Ashenzari [*.....]
Gold:   573        SH: 11    Dex: 14    Spells: 0 memorised, 8 levels left

rFire  . . .     SeeInvis .     M - +2 whip (antimagic) (curse)
rCold  + . .     Gourm    .     b - +0 scale mail
rNeg   . . .     Faith    .     c - +0 shield (curse)
rPois  .         Spirit   .     (no helmet)
rElec  .         Dismiss  .     (no cloak)
rCorr  +         Reflect  .     (no gloves)
SustAt .         Harm     .     (no boots)
MR     .....                    s - amulet of rage (curse)
Stlth  ..........               y - ring of ice
                                w - ring of resist corrosion

@: berserking, very quick, not resistant to hostile enchantments, extremely
unstealthy
A: hooves 2, molten scales 3, demonic guardian 1, foul stench 1, rot immunity
a: Curse Item, Scrying, Renounce Religion, Evoke Berserk Rage


You were on level 8 of the Dungeon.
You worshipped Ashenzari.
Ashenzari was aware of your devotion.
You were not hungry.

You visited 1 branch of the dungeon, and saw 8 of its levels.
You also visited: Sewer.

You collected 573 gold pieces.

Inventory:

Hand Weapons
 a - a +0 flail
 k - the +5 greatsling of Valuable Assets {velocity, rC+ MR+ Str+2 Dex+3}
   (You found it on level 5 of the Dungeon)

   Any stone fired from it inflicts extra damage.
   It affects your strength (+2).
   It affects your dexterity (+3).
   It protects you from cold.
   It affects your resistance to hostile enchantments.
 M - a cursed +2 antimagic whip (weapon)
Armour
 b - a +0 scale mail (worn)
 c - a cursed +0 shield (worn)
 B - the +0 leather armour of Boiling Hail {rF+ rN+ rCorr Str-3}
   (You found it on level 5 of the Dungeon)

   It affects your strength (-3).
   It protects you from fire.
   It protects you from negative energy.
   It protects you from acid and corrosion.
Jewellery
 s - a cursed amulet of rage (around neck)
 w - a ring of resist corrosion (left hand)
 y - a ring of ice (right hand)
 F - a +2 amulet of reflection
Wands
 D - a wand of confusion (21/48)
 K - a wand of paralysis (14/24)
Scrolls
 e - 3 scrolls of identify
 h - a scroll of amnesia
 j - 2 scrolls of enchant armour {unknown}
 p - 2 scrolls of teleportation
 r - a scroll of fear
 C - a scroll of remove curse
 H - 2 scrolls of fog
Potions
 d - 3 potions of might
 i - 4 potions of curing
 m - 2 potions of lignification
 o - a potion of cancellation
 q - a potion of berserk rage
 t - 3 potions of flight
 u - 2 potions of heal wounds
 x - 2 potions of invisibility
 z - a potion of agility {unknown}
 A - a potion of resistance {unknown}
 E - a potion of haste {unknown}
 G - a potion of brilliance {unknown}
 J - 3 potions of degeneration {unknown}
Books
 l - a book of Battle

   Spells                             Type                      Level
   a - Infusion                       Charms                       1
   b - Shroud of Golubria             Charms/Translocation         2
   c - Song of Slaying                Charms                       2
   d - Spectral Weapon                Hexes/Charms                 3
   e - Regeneration                   Charms/Necromancy            3
Comestibles
 f - 2 bread rations
 g - 9 meat rations
 n - a royal jelly
 v - 3 fruits
 I - 2 slices of pizza
 L - 4 chunks of flesh


   Skills:
 + Level 4.6 Fighting
 + Level 12.3 Maces & Flails
 + Level 5.9 Armour
 + Level 6.2 Shields


You had 8 spell levels left.
You didn't know any spells.

Dungeon Overview and Level Annotations

Branches:
Dungeon (8/15)             Temple (0/1) D:7
   Lair: D:8-11

Altars:
Ashenzari
Cheibriados
Dithmenos
Fedhas
Nemelex Xobeh
Pakellas
Ru
Trog
Yredelemnul

Shops:
D:7 }


Innate Abilities, Weirdness & Mutations

You have hoof-like feet.
You are completely covered in molten scales (AC +4, EV -1, rF+).
A weak demonic guardian rushes to your aid.
You may emit foul miasma when damaged in melee.
You are immune to rotting.


Message History

The orc wizard is heavily wounded.
The orc warrior hits you with an enchanted short sword.
* * * LOW HITPOINT WARNING * * *
The orc priest looks braver for a moment.
You block the orc wizard's attack.
A red film seems to cover your vision as you go berserk!
You feel yourself moving faster!
You feel mighty!
The orc warrior hits you with an enchanted short sword!
* * * LOW HITPOINT WARNING * * *
The orc priest miscasts a cantrip.
The orc priest hits you but does no damage.
The orc priest looks sick.
You block the orc wizard's attack.
You whack the orc wizard!
You kill the orc wizard!
You whack the orc priest!
You kill the orc priest!
You feel sick.
You are no longer poisoned.
The orc warrior hits you with an enchanted short sword!
You die...

####...##.[######
##.##########'#.....
#....#........#.....
#....#........#.....
#....#........#.....
#....#........#.....
#..o.#........'.....
#.)o)#........#.....
##+####@#########+#.....
#...##55###... #.....###
#..............#.....#
#..............#.....#
#..............#.....#
#...##..###...##.....#
#...##..###...#.....##
#...†.....# ..#.....#
#.(.......# .#.....#


You could see an orc warrior, an orc priest and 2 friendly white imps.

Vanquished Creatures
  Erica (D:8)
  Eustachio (D:4)
  3 hippogriffs (D:8)
  A phantom (D:4)
  3 sky beasts
  An ogre (D:4)
  A centaur (D:8)
  Blork the orc (D:4)
  3 giant frogs
  A wyvern zombie (D:7)
  2 scorpions (D:7)
  3 crimson imps
  3 hounds
  5 orc priests
  A gnoll shaman (D:6)
  2 iguanas
  3 orc wizards
  3 worker ants
  A hound zombie (D:5)
  Robin (D:4)
  9 gnolls (D:6)
  8 adders
  2 shadow imps
  4 oozes (Sewer)
  An adder skeleton (D:4)
  An adder zombie (D:6)
  8 worms
  5 dart slugs
  7 giant geckos
  16 orcs
  10 giant cockroaches
  8 goblins (D:4)
  9 hobgoblins
  10 jackals
  4 quokkas
  2 ball pythons
  7 bats
  2 giant gecko skeletons
  4 giant newts
  5 kobolds
  5 rats
167 creatures vanquished.

Vanquished Creatures (collateral kills)
  An eye of draining (D:8)
  A crimson imp (D:5)
  An orc wizard (D:4)
  A worker ant (D:4)
  An orc (D:4)
5 creatures vanquished.

Grand Total: 172 creatures vanquished

Notes
Turn   | Place    | Note
--------------------------------------------------------------
     0 | D:1      | Jerry the Demonspawn Fighter began the quest for the Orb.
     0 | D:1      | Reached XP level 1. HP: 18/18 MP: 1/1
   289 | D:1      | Reached skill level 2 in Maces & Flails
   446 | D:1      | Gained mutation: A weak demonic guardian rushes to your aid. [demonic ancestry]
   446 | D:1      | Reached XP level 2. HP: 24/24 MP: 2/2
  1007 | D:2      | Found a shattered altar of Ashenzari.
  1196 | D:2      | Gained mutation: You are partially covered in molten scales (AC +1). [demonic ancestry]
  1196 | D:2      | Reached XP level 3. HP: 26/29 MP: 3/3
  1656 | D:3      | Found a snail-covered altar of Cheibriados.
  2023 | D:3      | Gained mutation: You are immune to rotting. [demonic ancestry]
  2023 | D:3      | Reached XP level 4. HP: 31/35 MP: 4/4
  2056 | D:3      | Found a bloodstained altar of Trog.
  2436 | D:4      | Noticed Blork the orc
  2448 | D:4      | HP: 2/52 [something (3)]
  2450 | D:4      | Killed Blork the orc
  2450 | D:4      | Reached skill level 3 in Maces & Flails
  2595 | D:3      | Gained mutation: You have large cloven feet. [demonic ancestry]
  2595 | D:3      | Reached XP level 5. HP: 17/41 MP: 5/5
  2814 | D:4      | Noticed an ogre
  2819 | D:4      | Killed an ogre
  2951 | D:4      | Found a basalt altar of Yredelemnul.
  2954 | D:4      | Found a sparkling altar of Nemelex Xobeh.
  2997 | D:4      | Noticed Robin
  3011 | D:4      | Gained mutation: You may emit foul miasma when damaged in melee. [demonic ancestry]
  3011 | D:4      | Reached XP level 6. HP: 47/47 MP: 6/6
  3015 | D:4      | Killed Robin
  3570 | D:4      | Got a brightly glowing whip
  3681 | D:4      | Reached skill level 4 in Maces & Flails
  3967 | D:4      | Noticed Eustachio
  3972 | D:4      | Killed Eustachio
  3972 | D:4      | Reached skill level 5 in Shields
  3972 | D:4      | Gained mutation: You have hoof-like feet. [demonic ancestry]
  3972 | D:4      | Reached XP level 7. HP: 52/52 MP: 7/7
  4122 | D:5      | Entered Level 5 of the Dungeon
  4181 | D:5      | Found an oddly glowing altar of Pakellas.
  4191 | D:5      | Found a glowing drain.
  4235 | D:5      | Got an encrusted leather armour
  4273 | D:5      | Reached skill level 5 in Armour
  4284 | Sewer    | Entered a sewer
  4397 | Sewer    | Identified the cursed +0 leather armour of Boiling Hail {rF+ rN+ rCorr Str-3} (You found it on level 5 of the Dungeon)
  4522 | Sewer    | Reached skill level 12 in Maces & Flails
  4522 | Sewer    | Gained mutation: You are mostly covered in molten scales (AC +3, EV -1). [demonic ancestry]
  4522 | Sewer    | Reached XP level 8. HP: 58/58 MP: 8/8
  5583 | D:5      | Got a pitted greatsling
  5584 | D:5      | Identified the +5 greatsling of Valuable Assets {velocity, rC+ MR+ Str+2 Dex+3} (You found it on level 5 of the Dungeon)
  6025 | D:2      | Became a worshipper of Ashenzari the Shackled
  6526 | D:6      | Gained mutation: You are completely covered in molten scales (AC +4, EV -1, rF+). [demonic ancestry]
  6526 | D:6      | Reached XP level 9. HP: 64/64 MP: 9/9
  6653 | D:6      | Found a blossoming altar of Fedhas.
  6932 | D:7      | Found Kaukeutz's Gadget Shoppe.
  6951 | D:7      | Found a sacrificial altar of Ru.
  7081 | D:7      | Found a staircase to the Ecumenical Temple.
  7115 | D:7      | Found a shadowy altar of Dithmenos.
  8207 | D:8      | Noticed Erica
  8217 | D:8      | Killed Erica
  8281 | D:8      | Reached * piety under Ashenzari
  8573 | D:8      | Mangled by an orc warrior

Skill      XL: |  1  2  3  4  5  6  7  8  9 |
---------------+----------------------------+-----
Maces & Flails | 2 3 4 12 | 12.3
Shields        | 3 4 5 6 |  6.2
Armour         | 3 4 5 |  5.9
Fighting       | 4 |  4.6

Action                   |  1- 3 |  4- 6 |  7- 9 || total
-------------------------+-------+-------+-------++-------
Melee: Flail             |   122 |   159 |   442 ||   723
       Kick              |       |    36 |   134 ||   170
       Whip              |       |       |    25 ||    25
Invok: Curse Item        |       |       |     3 ||     3
 Abil: Evoke Berserk Rag |       |     6 |     4 ||    10
  Use: Potion            |       |     1 |     2 ||     3
       Scroll            |       |       |    16 ||    16
 Stab: Distracted        |       |     2 |     1 ||     3
  Eat: Chunk             |     4 |    10 |    16 ||    30
       Beef jerky        |       |       |     1 ||     1
       Fruit             |       |       |     1 ||     1
Armor: Scale mail        |    59 |    74 |   141 ||   274
       Leather armour    |       |       |    47 ||    47
Dodge: Dodged            |    37 |    51 |   113 ||   201
Block: Shield            |    66 |    72 |   151 ||   289
       Buckler           |       |       |    29 ||    29
